 Dungeon Crawl Stone Soup version 0.30-a0-462-gd5975efbca (webtiles) character file.

Game seed: 8414644516915022651

32 holysushi the Shooter (level 3, 27/27 HPs)
             Began as a Demonspawn Hunter on Dec 16, 2022.
             Quit the game on level 1 of the Dungeon.
             The game lasted 00:01:20 (972 turns).

holysushi the Shooter (Demonspawn Hunter)            Turns: 972, Time: 00:01:20

Health: 27/27      AC:  3    Str: 11    XL:     3   Next: 8%
Magic:  3/3        EV: 12    Int: 10    God:
Gold:   42         SH:  4    Dex: 18    Spells: 2/2 levels left

rFire   . . .      SeeInvis .    a - +0 shortbow
rCold   . . .      Faith    .    (shield currently unavailable)
rNeg    . . .      Spirit   .    c - +0 leather armour
rPois   .          Reflect  .    (no helmet)
rElec   .          Harm     .    (no cloak)
rCorr   .          Rampage  .    (no gloves)
Will    .....                    (no boots)
Stlth   ++........               (no amulet)
HPRegen 0.24/turn                (no ring)
MPRegen 0.08/turn                (no ring)

@: no status effects
A: claws 1, large bone plates 1
a: no special abilities


You were on level 1 of the Dungeon.
You visited 1 branch of the dungeon, and saw 1 of its levels.

You collected 42 gold pieces.

Inventory:

Hand Weapons
 a - a +0 shortbow (weapon)
Armour
 c - a +0 leather armour (worn)
Scrolls
 b - a scroll of immolation
 d - a scroll of fear {unknown}
 e - 2 scrolls of fog {unknown}
 f - 2 scrolls of identify {unknown}
 g - a scroll of blinking {unknown}
 h - a scroll of teleportation {unknown}
Potions
 i - a potion of brilliance {unknown}


   Skills:
 - Level 2.0 Fighting
 + Level 4.6 Ranged Weapons
 - Level 1.7 Dodging
 - Level 0.8 Stealth


You had 2 spell levels left.
You didn't know any spells.
Your spell library was empty.

Dungeon Overview and Level Annotations

Branches:
Dungeon (1/15) Zot: 5004

Altars:


Innate Abilities, Weirdness & Mutations

You have sharp fingernails.
You are partially covered in large bone plates. (SH +4)


Message History

No target in view!
No target in view!
Things that are here:
a +0 dagger; 3 stones A goblin comes into view.
It is wielding a +0 club.
A goblin is nearby!
A goblin is nearby!
A goblin is nearby!
You shoot an arrow. The arrow hits the goblin.
The goblin is almost dead.
No target in view!
No target in view!
You shoot an arrow. The arrow hits the goblin!
You kill the goblin!
No target in view!
No target in view!
Found 10 gold pieces.
You see here a +0 club.
You now have 33 gold pieces (gained 10).
There is an escape hatch in the floor here.
You open the door.
There is an open door here.
You now have 42 gold pieces (gained 9).
There is an open door here.
There is an open door here.
You open the door.
There is an open door here.
Key pressed, stopping explore.
There is an open door here.
There is an open door here.
There is an escape hatch in the floor here.
There is a stone staircase leading down here.
You open the door.
There is an open door here.
Done exploring.
Done exploring.
Done exploring.
Done exploring.
Done exploring.
Are you sure you want to abandon this character and quit the game? (Confirm with "yes".)

#.........# ##.## #.#
##.##.###.# #.# #.### #....# #.#
#.# #...# #..### #.# ##'## ###.#
#..# #.# ##...## #.# #..#####.#
##.....## ### #.#
#........###.......## ##.###.#
##.#...####(........####...##.##
#†.......+....@....'...........
#.#...####.........####...#..##
#.##.## ##.......## ##.##.##
#.#### ##.....## ####.# #..#
##...## #.# ##.######## ##'##
#.# #.#......# #.# #.#
#.#.####.# #.###### #.#
#.#.####.# ##......# #.#


There were no monsters in sight!

Vanquished Creatures
  2 ball pythons (D:1)
  An endoplasm (D:1)
  2 giant cockroaches (D:1)
  3 goblins (D:1)
  4 hobgoblins (D:1)
  4 jackals (D:1)
  A quokka (D:1)
  A bat (D:1)
  3 frilled lizards (D:1)
  5 kobolds (D:1)
  3 rats (D:1)
29 creatures vanquished.

Notes
Turn   | Place    | Note
-------+----------+-------------------------------------------
     0 | D:1      | holysushi the Demonspawn Hunter began the quest for the
                  | Orb.
     0 | D:1      | Reached XP level 1. HP: 16/16 MP: 1/1
    65 | D:1      | Reached skill level 4 in Ranged Weapons
    67 | D:1      | Gained mutation: You are partially covered in large bone
                  | plates. (SH +4) [demonic ancestry]
    67 | D:1      | Reached XP level 2. HP: 22/22 MP: 2/2
   643 | D:1      | Gained mutation: You have sharp fingernails. [demonic
                  | ancestry]
   643 | D:1      | Reached XP level 3. HP: 25/27 MP: 3/3
   972 | D:1      | Quit the game

Illustrated notes

Levels and vault maps discovered:
D:1:      pf_arrival_petrified_forest, layout_loops_corners

Skill      XL: |  1 |
---------------+----+-----
Ranged Weapons | 4 |  4.6
Fighting       | |  2.0
Dodging        | |  1.7
Stealth        | |  0.8

Action                   || total
-------------------------++-------
 Fire: Shortbow          ||    71
Armor: Leather armour    ||     9
Dodge: Dodged            ||    21
Block: Other             ||    10

Table legend: (Time is in decaauts)
 A = Elapsed time spent in this place.
 B = Non-inter-level travel time spent in this place.
 C = Inter-level travel time spent in this place.
 D = Time resting spent in this place.
 E = Time spent auto-exploring this place.
 F = Levels seen in this place.
 G = Mean time per level.
                   A        B        C        D        E       F      G
               +--------+--------+--------+--------+--------+-----+--------+
         Total |    995 |    995 |      0 |     41 |    773 |   1 |  995.0 |
       Dungeon |    995 |    995 |      0 |     41 |    773 |   1 |  995.0 |
               +--------+--------+--------+--------+--------+-----+--------+

Top non-repeatable levels by time:
     D:1: 995 daAuts
